 Dungeon Crawl Stone Soup version 0.19.1-1-g22dce08 (webtiles) character file.

19757 ponk the Blocker (level 12, -2/117 HPs)
             Began as a Deep Dwarf Fighter on Jan 8, 2017.
             Was a Priest of Makhleb.
             Succumbed to poison (poison gas)
             ... on level 1 of the Swamp.
             The game lasted 01:35:14 (13769 turns).

ponk the Blocker (Deep Dwarf Fighter)              Turns: 13769, Time: 01:35:15

Health: -2/117     AC: 25    Str: 24    XL:     12   Next: 39%
Magic:  0/0        EV: 10    Int:  9    God:    Makhleb [***...]
Gold:   586        SH: 14    Dex: 13    Spells: 0 memorised, 11 levels left

rFire  . . .     SeeInvis .     M - +1 flail (crush)
rCold  . . .     Gourm    .     h - +2 plate armour
rNeg   . . .     Faith    .     N - +2 shield
rPois  .         Spirit   .     Y - +1 helmet
rElec  .         Reflect  .     z - +2 cloak
rCorr  +         Harm     .     E - +0 pair of gloves
MR     +....                    a - +0 pair of boots
Stlth  ..........               (no amulet)
                                w - +3 ring of evasion
                                H - ring of resist corrosion

@: lethally poisoned (-2 -> -75), non-regenerating
A: damage resistance, recharge devices, sense surroundings 2, slow regeneration
3
a: Device Recharging, Minor Destruction, Lesser Servant of Makhleb, Renounce
Religion


You were on level 1 of the Swamp.
You worshipped Makhleb.
Makhleb was most pleased with you.
You were completely stuffed.

You visited 4 branches of the dungeon, and saw 16 of its levels.

You collected 751 gold pieces.
You spent 165 gold pieces at shops.

Inventory:

Hand Weapons
 b - the +2 quarterstaff "Jellybane" {crush, SInv}
   (You found it on level 5 of the Dungeon)

   It inflicts extra damage upon your enemies.
   It lets you see invisible.
 f - a cursed -1 hand axe
 M - a +1 flail of crushing (weapon)
 X - a +2 long sword of flaming
Armour
 a - a +0 pair of boots (worn)
 h - a +2 plate armour (worn)
 z - a +2 cloak (worn)
 E - a +0 pair of gloves (worn)
 N - a +2 shield (worn)
 Y - a +1 helmet (worn)
Jewellery
 g - an uncursed ring of ice
 j - an uncursed ring of stealth
 w - a +3 ring of evasion (right hand)
 H - a ring of resist corrosion (left hand)
Wands
 e - a wand of heal wounds (0/9)
 l - a wand of confusion (11/48)
 q - a wand of heal wounds (0/9)
 r - a wand of lightning (0/15)
 s - a wand of hasting (1/9)
 t - a wand of polymorph (6/24)
 v - a wand of polymorph (14/24)
 y - a wand of lightning (2/15)
 A - a wand of confusion (46/48)
 F - a wand of slowing (0/48)
 K - a wand of iceblast (12/15)
 L - a wand of paralysis (8/24)
 P - a wand of flame (22/48)
 S - a wand of confusion (24/48)
 U - a wand of acid (1/15)
 Z - a wand of teleportation (4/9)
Scrolls
 p - 4 scrolls of blinking
 u - 4 scrolls of teleportation
 B - a scroll of remove curse
 D - a scroll of fear
Potions
 d - 2 potions of might
 i - a potion of berserk rage
 k - 4 potions of curing
 m - 3 potions of agility
 C - a potion of ambrosia
 J - a potion of heal wounds
 R - a potion of cure mutation {unknown}
 T - a potion of haste
 W - 2 potions of lignification {unknown}
Comestibles
 c - 3 chunks of flesh
 n - 2 beef jerkies
 o - 6 meat rations
 I - 6 fruits


   Skills:
 * Level 10.3 Fighting
 + Level 4.6(8.9) Axes
 + Level 10.7(11.0) Maces & Flails
   Level 0.9 Bows
 + Level 0.3 Throwing
 + Level 10.1 Armour
 + Level 2.6 Dodging
 + Level 0.6 Stealth
 + Level 10.7 Shields
 + Level 1.0 Invocations
 + Level 4.0 Evocations


You had 11 spell levels left.
You didn't know any spells.

Dungeon Overview and Level Annotations

Branches:
Dungeon (11/15)            Temple (1/1) D:6            Lair (3/6) D:11
  Swamp (1/4) Lair:3
  Snake: Lair:2-4    Spider: Lair:2-4       Orc: D:9-12

Altars:
Ashenzari
Cheibriados
Dithmenos
Elyvilon
Fedhas
Gozag
Hepliaklqana
Kikubaaqudgha
Makhleb
Nemelex Xobeh
Okawaru
Qazlal
Ru
Sif Muna
Trog
Uskayaw
Vehumet
Xom
Yredelemnul
Zin
The Shining One

Shops:
D:4 [   D:6 *[

Annotations:
D:9 Mesmaeker13's ghost, journeyman DrWz


Innate Abilities, Weirdness & Mutations

You are resistant to damage.
You can recharge devices by infusing magical energy.
You passively map the area around you.
You do not regenerate.


Message History

The tyrant leech moves out of view.
Evoke which item? (* to show all) (? for menu, Esc to quit)
Zapping:
e - a wand of heal wounds (1/9)
Press: ? - help, Shift-Dir - straight line, f - you You feel much better.
This wand has 0 charges left.
* * * LOW HITPOINT WARNING * * *
You feel extremely sick.
Evoke which item? (* to show all) (? for menu, Esc to quit)
Okay, then.
You don't have enough magic capacity.
Evoke which item? (* to show all) (? for menu, Esc to quit)
Okay, then.
* * * LOW HITPOINT WARNING * * *
You feel extremely sick.
You see here a mace.
* * * LOW HITPOINT WARNING * * *
You feel extremely sick.
* * * LOW HITPOINT WARNING * * *
You feel extremely sick.
You die...

≈≈......♣♣♣≈≈≈≈♣♣.
≈≈ ,≈....≈≈.♣
♣♣.≈≈.≈ ≈ ≈.≈.≈≈≈.♣
♣...≈≈≈≈ ,≈≈
≈≈...>..≈♣♣♣♣....≈≈≈
≈ *,≈≈
≈.≈≈.........≈.≈≈≈≈
≈ * , ≈
..(.≈.♣≈..≈≈..≈≈≈≈≈
* ≈ *
♣♣.≈≈≈≈......≈≈≈≈≈ ≈
* ≈
..≈..♣♣.)..≈.≈≈≈..,
* .≈≈≈. ♣≈..@.$.≈≈.♣
≈ ≈.≈≈...≈......≈≈≈♣
* * *
♣≈...w≈≈≈...♣.≈≈≈♣*
, , **
,..≈..≈...≈≈.♣..≈♣
≈≈ ,,
..§♣.....≈≈≈≈.≈.. ,
..≈≈≈.....≈...≈.♣ ,
.≈.♣♣♣♣♣♣.♣♣.♣♣.♣ *
≈ ≈ , ≈ ♣.♣ .♣* * ,
* , , * ** *≈≈


You could see a tyrant leech.

Vanquished Creatures
  A hydra (Lair:2)
  Erica (D:8)
  A swamp dragon (Swamp:1)
  A cyclops (D:11)
  A manticore (D:11)
  A black mamba (Lair:2)
  4 elephants (Lair:2)
  The ghost of appiemonkey the Spear-Bearer, a novice MfGl (D:4)
  A centaur skeleton (D:8)
  3 spiny frogs
  A komodo dragon (Lair:2)
  An efreet (D:11)
  2 hippogriffs
  6 blink frogs
  A shadow (D:11)
  31 yaks
  2 wyverns
  2 basilisks
  3 hungry ghosts
  A vampire mosquito (Swamp:1)
  6 water moccasins
  3 porcupines
  An orc warrior (D:7)
  A black bear (D:8)
  2 sky beasts
  A swamp drake (Swamp:1)
  4 ice beasts
  An eye of draining (D:11)
  2 phantoms (D:9)
  8 ogres
  3 centaurs
  3 crocodiles
  A big kobold (D:9)
  A wyvern zombie (D:11)
  10 bullfrogs
  3 scorpions
  2 killer bees (D:10)
  4 howler monkeys
  A centaur zombie (D:10)
  5 crimson imps
  3 orc priests
  5 hounds
  2 jellies
  3 gnoll shamans
  9 worker ants
  6 orc wizards
  A worker ant zombie (D:9)
  49 gnolls
  11 adders
  2 shadow imps
  2 oozes (D:1)
  6 worms
  3 dart slugs (D:1)
  25 orcs
  10 giant cockroaches
  6 goblins
  8 hobgoblins
  29 jackals
  2 quokkas
  2 ball pythons
  9 bats
  3 frilled lizards
  12 kobolds
  A leopard gecko skeleton (D:5)
  8 rats
  4 bushes
  14 fungi
  20 plants
382 creatures vanquished.

Vanquished Creatures (collateral kills)
  A bog body (Swamp:1)
  2 vampire mosquitoes (Swamp:1)
  A porcupine (Lair:2)
  A bullfrog (Lair:2)
5 creatures vanquished.

Vanquished Creatures (others)
  A fungus (Lair:2)
  5 plants
6 creatures vanquished.

Grand Total: 393 creatures vanquished

Notes
Turn   | Place    | Note
-------+----------+-------------------------------------------
     0 | D:1      | ponk the Deep Dwarf Fighter began the quest for the Orb.
     0 | D:1      | Reached XP level 1. HP: 20/20 MP: 1/1
    59 | D:1      | Reached XP level 2. HP: 21/27 MP: 2/2
   300 | D:1      | Reached XP level 3. HP: 31/34 MP: 3/3
  1384 | D:2      | Reached XP level 4. HP: 29/42 MP: 4/4
  1591 | D:2      | Reached skill level 1 in Dodging
  2533 | D:3      | Noticed an ogre
  2545 | D:3      | Reached XP level 5. HP: 46/49 MP: 5/5
  2598 | D:3      | Killed an ogre
  2598 | D:3      | Reached XP level 6. HP: 21/57 MP: 6/6
  2641 | D:3      | Reached skill level 5 in Armour
  2675 | D:3      | HP: 1/57 [gnoll/halberd (4)]
  2813 | D:3      | Reached XP level 7. HP: 22/66 MP: 5/5
  2937 | D:3      | Reached skill level 1 in Evocations
  3490 | D:3      | Reached skill level 5 in Shields
  3984 | D:4      | Found Vefforom's Antique Armour Boutique.
  4089 | D:4      | Reached skill level 1 in Maces & Flails
  4286 | D:4      | Noticed appiemonkey's ghost (novice MfGl)
  4302 | D:4      | Killed appiemonkey's ghost
  4302 | D:4      | Reached skill level 5 in Fighting
  4302 | D:4      | Reached XP level 8. HP: 61/74 MP: 4/4
  4715 | D:5      | Entered Level 5 of the Dungeon
  4782 | D:5      | Got a warped quarterstaff
  5542 | D:6      | Reached skill level 5 in Maces & Flails
  5603 | D:6      | Found a staircase to the Ecumenical Temple.
  5604 | D:6      | Found Liseuhaf's General Store.
  5607 | D:6      | Bought a potion of heal wounds for 55 gold pieces
  5607 | D:6      | Bought a wand of iceblast (6/15) for 110 gold pieces
  5643 | Temple   | Entered the Ecumenical Temple
  5704 | Temple   | Became a worshipper of Ru the Awakened
  6046 | D:6      | Found Jeujibag's Antique Armour Emporium.
  6144 | D:6      | Gained mutation: You passively map the area around you. [Deep Dwarf growth]
  6144 | D:6      | Reached XP level 9. HP: 64/82 MP: 5/5
  6654 | D:7      | Found a stormy altar of Qazlal.
  6655 | D:7      | Found a burning altar of Makhleb.
  6656 | D:7      | Found a glowing silver altar of Zin.
  6660 | D:7      | Found a white marble altar of Elyvilon.
  6664 | D:7      | Fell from the grace of Ru
  6664 | D:7      | Became a worshipper of Makhleb the Destroyer
  6878 | D:7      | Found a shimmering altar of Xom.
  6878 | D:7      | Found a shimmering altar of Xom.
  6878 | D:7      | Found a shimmering altar of Xom.
  6879 | D:7      | Found a shimmering altar of Xom.
  8296 | D:8      | Noticed Erica
  8361 | D:8      | Killed Erica
  8501 | D:8      | Reached XP level 10. HP: 94/94 MP: 4/4
  8568 | D:8      | Got a shimmering robe
  9314 | D:9      | Reached * piety under Makhleb
  9518 | D:9      | Noticed Mesmaeker13's ghost (journeyman DrWz)
  9702 | D:10     | Entered Level 10 of the Dungeon
 10401 | D:11     | Identified the +2 quarterstaff "Jellybane" {crush, SInv} (You found it on level 5 of the Dungeon)
 10533 | D:11     | Found a staircase to the Lair.
 10539 | Lair:1   | Entered Level 1 of the Lair of Beasts
 10590 | D:11     | Reached ** piety under Makhleb
 10681 | D:11     | Reached XP level 11. HP: 69/104 MP: 1/1
 12575 | Lair:1   | Reached skill level 10 in Maces & Flails
 12795 | Lair:2   | Reached skill level 10 in Shields
 12826 | Lair:2   | Reached *** piety under Makhleb
 12853 | Lair:2   | Reached XP level 12. HP: 64/116 MP: 1/1
 13094 | Lair:2   | Noticed a four-headed hydra
 13103 | Lair:2   | Killed a four-headed hydra
 13367 | Lair:2   | Reached skill level 10 in Fighting
 13607 | Lair:3   | Found a staircase to the Swamp.
 13644 | Lair:3   | Reached skill level 10 in Armour
 13659 | Swamp:1  | Entered Level 1 of the Swamp
 13763 | Swamp:1  | Reached skill level 1 in Invocations
 13768 | Swamp:1  | HP: 4/117 [poison (poison gas)]
 13769 | Swamp:1  | Succumbed to poison (poison gas)

Skill      XL: |  1  2  3  4  5  6  7  8  9 10 11 12 |
---------------+-------------------------------------+-----
Fighting       | 3 4 5 6 7 8 9 10 | 10.3
Armour         | 4 5 6 7 8 9 10 | 10.1
Dodging        | 1 2 |  2.6
Axes           | 3 4 |  4.6
Shields        | 4 5 6 8 10 | 10.7
Evocations     | 1 2 3 4 |  4.0
Maces & Flails | 2 5 7 8 10 | 10.7
Invocations    | 1 |  1.0
Bows           | |  0.9
Throwing       | |  0.3
Stealth        | |  0.6

Action                   |  1- 3 |  4- 6 |  7- 9 | 10-12 || total
-------------------------+-------+-------+-------+-------++-------
Melee: War axe           |   149 |   341 |    25 |       ||   515
       Flail             |       |       |   626 |  1276 ||  1902
 Fire: Shortbow          |       |       |       |    29 ||    29
Throw: Javelin           |       |       |       |    11 ||    11
Invok: Minor Destruction |       |       |       |     2 ||     2
       Lesser Servant of |       |       |       |     1 ||     1
 Abil: Device Recharging |       |     2 |     6 |     7 ||    15
Evoke: Wand              |       |    10 |    30 |    40 ||    80
  Use: Potion            |     1 |     1 |     1 |     5 ||     8
       Scroll            |     4 |       |    12 |    16 ||    32
 Stab: Distracted        |       |       |       |     1 ||     1
  Eat: Chunk             |     2 |     1 |     8 |     5 ||    16
       Bread ration      |       |     1 |     2 |     7 ||    10
       Pizza             |       |       |     1 |     2 ||     3
       Fruit             |       |       |     2 |       ||     2
       Beef jerky        |       |       |       |     2 ||     2
       Royal jelly       |       |       |       |     1 ||     1
Armor: Scale mail        |   102 |   102 |    45 |       ||   249
       Plate armour      |       |       |   202 |   818 ||  1020
Dodge: Dodged            |    55 |   147 |   234 |   570 ||  1006
Block: Shield            |   107 |   178 |   337 |   524 ||  1146
